 Dungeon Crawl Stone Soup version 0.29.1-1-gd02db6906a (webtiles) character file.

Game seed: 849278073358119283

495 Anriel the Shield-Bearer (level 7, -3/44 HPs)
             Began as a Gargoyle Fighter on Oct 14, 2022.
             Splashed by a jelly's acid (9 damage)
             ... on level 5 of the Dungeon.
             The game lasted 00:18:03 (3428 turns).

Anriel the Shield-Bearer (Gargoyle Fighter)         Turns: 3428, Time: 00:18:05

Health: -3/44      AC:  6    Str: 28    XL:     7   Next: 15%
Magic:  7/7        EV:  7    Int:  8    God:
Gold:   106        SH:  8    Dex:  9    Spells: 6/6 levels left

rFire   . . .      SeeInvis .   a - +0 flail
rCold   . . .      Faith    .   o - +0 kite shield
rNeg    + . .      Spirit   .   k - +0 chain mail
rPois   ∞          Reflect  .   n - +0 helmet
rElec   +          Harm     .   (no cloak)
rCorr   .          Rampage  .   g - +0 pair of gloves
Will    .....                   j - +0 pair of boots
Stlth   ..........              (no amulet)
HPRegen 0.14/turn               i - +6 ring of strength
MPRegen 0.10/turn               (no ring)

@: corroded
A: sickness immunity, AC +4, negative energy resistance 1, electricity
resistance, torment resistance 1, petrification resistance
a: no special abilities


You were on level 5 of the Dungeon.
You visited 1 branch of the dungeon, and saw 5 of its levels.
You also visited: Sewer.

You collected 130 gold pieces.
You spent 24 gold pieces at shops.

Inventory:

Hand Weapons
 a - a +0 flail (weapon)
Armour
 b - a +0 scale mail
 g - a +0 pair of gloves (worn)
 j - a +0 pair of boots (worn)
 k - a +0 chain mail (worn)
 n - a +0 helmet (worn)
 o - a +0 kite shield (worn)
Jewellery
 e - a ring of magical power
 f - a ring of wizardry
 i - a +6 ring of strength (left hand)
Wands
 h - a wand of iceblast (8) (quivered)
Scrolls
 q - a scroll of enchant weapon {unknown}
 s - a scroll of fog {unknown}
 u - a scroll of teleportation {unknown}
Potions
 c - 2 potions of heal wounds
 d - a potion of might
 l - 2 potions of curing
 m - 2 potions of attraction
 p - a potion of haste {unknown}
 r - a potion of brilliance {unknown}
 t - a potion of experience {unknown}
 v - 2 potions of resistance {unknown}
 w - a potion of magic {unknown}
 x - a potion of degeneration {unknown}


   Skills:
 + Level 4.4 Fighting
 + Level 4.5 Maces & Flails
 + Level 4.5 Armour
 + Level 1.2 Dodging
 + Level 5.4 Shields


You had 6 spell levels left.
You didn't know any spells.
Your spell library contained the following spells:

 Spells                   Type           Power      Damage    Failure   Level
 Wereblood                Tmut           0%         N/A       100%        2
 Summon Hydra             Summ           0%         N/A       100%        7
 Sublimation of Blood     Necr           Unusable   N/A       N/A         2

Dungeon Overview and Level Annotations

Branches:
Dungeon (5/15)              Sewer (visited)
 Temple: D:4-7

Altars:
Fedhas

Shops:
D:4 *

Annotations:
D:3 Sigmund


Innate Abilities, Weirdness & Mutations

You are immune to sickness and miasma.
Your stone body is resilient. (AC +4)
You are immune to poison.
You resist negative energy. (rN+)
You are resistant to electric shocks. (rElec)
You are resistant to unholy torment.
You are immune to petrification.


Message History

There is a stone staircase leading up here.
A jelly comes into view.
The jelly quivers.
Found a stone staircase leading down.
You block the jelly's attack.
You hit the jelly. The acid corrodes you!
Your hands burn!
The jelly is lightly wounded.
You block the jelly's attack.
You hit the jelly but do no damage.
Your hands burn!
The jelly is lightly wounded.
The jelly hits you but does no damage.
You hit the jelly but do no damage. The acid corrodes you!
Your hands burn!
The jelly is lightly wounded.
You block the jelly's attack. The jelly barely misses you.
You sock the jelly! The acid corrodes you!
Your hands burn!
The jelly is severely wounded.
The jelly closely misses you.
You hit the jelly.
Your hands burn!
The jelly is severely wounded.
The jelly hits you but does no damage.
You barely miss the jelly.
The jelly is severely wounded.
The jelly hits you but does no damage. You block the jelly's attack.
You hit the jelly.
Your hands burn!
The jelly is almost dead.
The jelly hits you.
You are splashed with acid!
You hit the jelly but do no damage.
Your hands burn!
The jelly is almost dead.
The jelly barely misses you.
You hit the jelly but do no damage. The acid corrodes you!
Your hands burn!
* * * LOW HITPOINT WARNING * * *
The jelly is almost dead.
The jelly hits you but does no damage.
Found a stone staircase leading up.
You hit the jelly.
Your hands burn!
* * * LOW HITPOINT WARNING * * *
The jelly is almost dead.
You block the jelly's attack. The jelly hits you.
* * * LOW HITPOINT WARNING * * *
You are splashed with acid!
You die...

. ....... ##>
.......
...#####.#....
............##.
..............<
...............
...........#
.......@####
...#...J..<#
.........#......#
.........#.##..##
.........#.. .#
.....<...###. #
.........# .#
##.##....# # ..
......


You could see a jelly.

Vanquished Creatures
  An ogre (D:4)
  2 kobold brigands (Sewer)
  A hound (D:4)
  4 gnolls (D:4)
  7 adders
  7 river rats
  2 worms
  6 dart slugs (D:4)
  11 ball pythons
  6 bats
  4 endoplasms (D:1)
  5 giant cockroaches
  6 hobgoblins
  2 jackals (Sewer)
  A quokka (D:2)
  5 frilled lizards (Sewer)
  3 goblins
  9 kobolds
  4 rats
86 creatures vanquished.

Vanquished Creatures (others)
  4 plants (Sewer)
4 creatures vanquished.

Grand Total: 90 creatures vanquished

Notes
Turn   | Place    | Note
-------+----------+-------------------------------------------
     0 | D:1      | Anriel the Gargoyle Fighter began the quest for the Orb.
     0 | D:1      | Reached XP level 1. HP: 14/14 MP: 1/1
   284 | D:1      | Reached XP level 2. HP: 19/19 MP: 2/2
   489 | D:1      | Found a faded altar of an unknown god.
   939 | D:2      | Reached XP level 3. HP: 23/24 MP: 3/3
  1480 | D:2      | Reached XP level 4. HP: 29/29 MP: 4/4
  1681 | D:3      | Found a blossoming altar of Fedhas.
  1762 | D:3      | Noticed Sigmund
  1921 | D:4      | Noticed an ogre
  1926 | D:4      | Killed an ogre
  1927 | D:4      | Reached skill level 4 in Shields
  1927 | D:4      | Reached XP level 5. HP: 23/33 MP: 5/5
  2016 | D:4      | Found a glowing drain.
  2026 | Sewer    | Entered a sewer
  2060 | Sewer    | Noticed a kobold brigand
  2077 | Sewer    | Killed a kobold brigand
  2078 | Sewer    | Reached XP level 6. HP: 31/38 MP: 6/6
  2518 | Sewer    | Reached skill level 1 in Dodging
  2518 | Sewer    | Reached skill level 5 in Shields
  2827 | D:4      | Reached XP level 7. HP: 44/44 MP: 7/7
  2909 | D:4      | Found Soxeong's General Store.
  2923 | D:4      | Bought a scroll of identify for 24 gold pieces
  3415 | D:5      | Entered Level 5 of the Dungeon
  3428 | D:5      | Splashed by a jelly's acid

Illustrated notes

Levels and vault maps discovered:
D:1:      dpeg_arrival_three_bigger_balls, layout_basic,
          shapermc_ecumenical_altar_mp_highgroup, corexii_leaking_fountain
D:2:      layout_basic
D:3:      layout_basic, general_overflow_altar, serial_shops, shop,
          dreamdust_wishing_well, uniq_robin, uniq_sigmund
D:4:      kennysheep_slugbush, layout_basic, serial_shops, shop,
          cheibrodos_sewer_entry_sluice
D:5:      layout_basic

Skill      XL: |  1  2  3  4  5  6 |
---------------+-------------------+-----
Maces & Flails | 3 4 |  4.5
Fighting       | 4 |  4.4
Armour         | 4 |  4.5
Shields        | 4 5 |  5.4
Dodging        | 1 |  1.2

Action                   |  1- 3 |  4- 6 |  7- 9 || total
-------------------------+-------+-------+-------++-------
Melee: Flail             |    76 |   178 |    48 ||   302
  Use: Scroll            |       |     6 |     2 ||     8
       Potion            |       |     2 |       ||     2
Armor: Scale mail        |    36 |    26 |       ||    62
       Chain mail        |       |    73 |    26 ||    99
Dodge: Dodged            |    31 |    63 |    12 ||   106
Block: Buckler           |     3 |       |       ||     3
       Kite shield       |    11 |    79 |    19 ||   109
